 Dungeon Crawl Stone Soup version 0.31-a0-188-g5e087ee2ca (webtiles) character file.

Game seed: 12883442970540321118

56 qw the Shooter (level 3, -2/20 HPs)
             Began as a Deep Elf Hunter on June 23, 2023.
             Slain by a goblin
             ... wielding a +0 club
             ... led by Robin
              (5 damage)
             ... on level 2 of the Dungeon.
             The game lasted 00:00:26 (1264 turns).

qw the Shooter (Deep Elf Hunter)                    Turns: 1264, Time: 00:00:27

Health: -2/20      AC:  5    Str: 10    XL:     3   Next: 71%
Magic:  5/5        EV: 11    Int: 13    God:
Gold:   29         SH:  0    Dex: 18    Spells: 2/2 levels left

rFire   . . .        Y - +0 shortbow
rCold   . . .        (shield currently unavailable)
rNeg    . . .        g - +0 ring mail
rPois   .            (no helmet)
rElec   .            (no cloak)
rCorr   .            (no gloves)
SInv    .            (no boots)
Will    .....        (no amulet)
Stlth   +            (no ring)
HPRegen 0.23/turn    (no ring)
MPRegen 0.09/turn

%: no passive effects
@: no status effects
A: no striking features
a: no special abilities


You were on level 2 of the Dungeon.
You visited 1 branch of the dungeon, and saw 2 of its levels.

You collected 67 gold pieces.
You spent 38 gold pieces at shops.


   Skills:
 - Level 1.5 Fighting
 + Level 7.2 Ranged Weapons
 - Level 2.4 Dodging
 - Level 1.2 Stealth


You had 2 spell levels left.
You didn't know any spells.
Your spell library was empty.

Inventory:

Hand Weapons
 Y - a +0 shortbow (weapon)
Armour
 g - a +0 ring mail (worn)
Scrolls
 a - a scroll of identify
 d - a scroll of vulnerability {unknown}
 i - a scroll of revelation {unknown}
Potions
 b - 2 potions of enlightenment {unknown}
 c - a potion of lignification {unknown}
 e - a potion of curing {unknown}
 f - a potion of resistance {unknown}
 h - a potion of cancellation {unknown}
 j - a potion of berserk rage {unknown}
 k - a potion of attraction {unknown}
 l - a potion of degeneration {unknown}

Dungeon Overview and Level Annotations

Branches:
Dungeon (2/15)

Altars:
Ashenzari

Shops:
D:2 *(

Annotations:
D:2 Robin


Message History

You shoot an arrow. The arrow hits the quokka.
You kill the quokka!
You open the door.
Robin, 2 hobgoblins and 4 goblins come into view.
Robin is wielding a +0 trident and carrying a wand of flame (18).
A goblin is wielding a +2 dagger of venom.
The hobgoblin shouts!
The goblin shouts!
You hear a shout! x4
A goblin comes into view. It is wielding a +0 club. x2
Enter note:
Enter note:
Enter note: You shoot an arrow.
The arrow barely misses the hobgoblin.
The goblin shouts!
The arrow hits the goblin!
You kill the goblin!
A goblin comes into view. It is wielding a +0 club.
Robin throws the goblin at you!
You shoot an arrow. The arrow barely misses the goblin.
Robin throws the goblin at you! The goblin closely misses you.
You shoot an arrow. The arrow hits the hobgoblin!
You kill the hobgoblin!
The goblin hits you but does no damage. The goblin barely misses you.
A goblin comes into view. It is wielding a +0 club.
Robin roars a battlecry!
The goblins go into a battle-frenzy!
You shoot an arrow. The arrow hits the goblin.
You kill the goblin!
The goblin barely misses you. Robin throws the goblin at you!
The goblin hits you with a +0 club. The goblin hits you but does no damage.
The goblin closely misses you. The goblin hits you but does no damage.
You shoot an arrow. The arrow hits the goblin.
You kill the goblin!
The goblin hits you with a +0 club. x2
You shoot an arrow. The arrow closely misses the goblin.
The arrow hits the goblin!
You kill the goblin!
The goblin hits you with a +0 club. The goblin closely misses you. x2
You shoot an arrow. The arrow hits the goblin.
You kill the goblin!
The goblin hits you with a +0 club. x2
You die...

##+# ##...##
##.....##
#....%..## #
#.....g###....
#.....@).gg)..
777##..)..g###g...
.7...#.....## #
7.........##
7.......##
77..#.'## 77 ##)#
#.# ##.##


You could see Robin, a hobgoblin (strong) and 3 goblins.

Vanquished Creatures
  A dart slug (D:2)
  6 ball pythons
  3 endoplasms (D:1)
  9 goblins
  6 hobgoblins
  2 quokkas
  6 bats
  3 frilled lizards
  7 kobolds
  5 rats
48 creatures vanquished.

Notes
Turn   | Place    | Note
-------+----------+-------------------------------------------
     0 | D:1      | qw the Deep Elf Hunter began the quest for the Orb.
     0 | D:1      | Reached XP level 1. HP: 12/12 MP: 3/3
     0 | D:1      | 0 ||| qw: Version: 0.3-a-9-g12657ce
     0 | D:1      | 0 ||| qw: Game counter: 3879
     0 | D:1      | 0 ||| qw: Always use a shield: true
     0 | D:1      | 0 ||| qw: God list: Okawaru
     0 | D:1      | 0 ||| qw: Allow faded altars: false
     0 | D:1      | 0 ||| qw: Do Orc after D:15 true
     0 | D:1      | 0 ||| qw: Do second Lair branch before Depths: true
     0 | D:1      | 0 ||| qw: Lair rune preference: random
     0 | D:1      | 0 ||| qw: Plans: Normal
     0 | D:1      | 0 ||| PLANNING D:1-11
   135 | D:1      | Reached skill level 6 in Ranged Weapons
   135 | D:1      | Reached XP level 2. HP: 14/16 MP: 4/4
   311 | D:1      | HP: 4/16 [quokka (4)]
   518 | D:1      | Reached XP level 3. HP: 20/20 MP: 5/5
   759 | D:1      | 759 ||| UPGRADING to +0 ring mail.
   769 | D:1      | 769 ||| DROPPING +0 leather armour.
   770 | D:1      | 770 ||| READING 2 scrolls labelled RAXEMIALAFFI.
   771 | D:1      | 771 ||| READING scroll labelled KUMOTA SUVEKH.
   772 | D:1      | 772 ||| READING scroll labelled TIDUWO BESHERA.
   776 | D:1      | 776 ||| DROPPING scroll of butterflies.
   805 | D:2      | Found Fif Juja's Assorted Antiques.
   873 | D:2      | Found a faded altar of an unknown god.
   895 | D:2      | Found Suroas's Assorted Antiques.
   904 | D:2      | 904 ||| SHOPLISTING emerald ring (100 gold, have 48).
   904 | D:2      | 904 ||| SHOPLISTING knobbly diamond ring (100 gold, have
                  | 48).
   904 | D:2      | 904 ||| BUYING puce potion (18 gold).
   904 | D:2      | Bought a puce potion for 18 gold pieces
   904 | D:2      | 904 ||| BUYING scroll labelled OKISHR CUNYPLIDGH (20 gold).
   904 | D:2      | Bought a scroll labelled OKISHR CUNYPLIDGH for 20 gold
                  | pieces
   904 | D:2      | 904 ||| SHOPLISTING scroll labelled VIADUO LIYC (20 gold,
                  | have 10).
   904 | D:2      | 904 ||| SHOPLISTING shiny helmet (150 gold, have 10).
   904 | D:2      | 904 ||| SHOPLISTING white potion (18 gold, have 10).
   912 | D:2      | Found Hisisi's Antique Weapon Emporium.
  1018 | D:2      | Found a broken altar of Ashenzari.
  1224 | D:2      | Reached skill level 7 in Ranged Weapons
  1257 | D:2      | Noticed Robin
  1263 | D:2      | HP: 5/20 [goblin/+0 club[Robin] (3)]
  1264 | D:2      | Slain by a goblin

Levels and vault maps discovered:
D:1:      dpeg_arrival_chambers_temple_mockup, layout_loops_ring
D:2:      layout_loops_corners, serial_shops, nicolae_shop_advertising_works
          [nicolae_subvault_shop_adworks], shop, nicolae_shop_industrial_runoff,
          shop, nicolae_shop_waterfront, basic_altar,
          hellmonk_ecumenical_altar_crossroads, uniq_crazy_yiuf_cottage,
          uniq_robin, uniq_sigmund

Skill      XL: |  1  2  3 |
---------------+----------+-----
Ranged Weapons | 6 7 |  7.2
Fighting       | |  1.5
Dodging        | |  2.4
Stealth        | |  1.2

Action                     || total
---------------------------++-------
   Fire: Shortbow          ||    98
    Use: Scroll            ||     3
 Armour: Leather armour    ||     8
         Ring mail         ||    12
  Dodge: Dodged            ||    29

Table legend:
 A = Non-vault XP
 B = Vault XP
 C = Vault XP percentage of total XP
 D = Non-vault monster count
 E = Vault monster count
 F = Vault count percentage of total count
                 A         B        C        D         E       F
            +---------+---------+-------+---------+---------+-------
      Total |      72 |      11 |  13.3 |      42 |       6 |  12.5
            +---------+---------+-------+---------+---------+-------
        D:1 |      43 |       0 |   0.0 |      26 |       0 |   0.0
        D:2 |      29 |      11 |  27.5 |      16 |       6 |  27.3
            +---------+---------+-------+---------+---------+-------
